 Dungeon Crawl Stone Soup version 0.31.0-9-g3a7656b989 (webtiles) character file.

Game seed: 14246655589902545863

107389 nightchill the Brawler (level 16, -17/159 HPs)
             Began as a Troll Shapeshifter on Jan 24, 2024.
             Was a High Priest of Trog.
             Killed from afar by a fire dragon (61 damage)
             ... with a blast of flame
             ... on level 14 of the Dungeon.
             The game lasted 00:58:03 (18425 turns).

nightchill the Brawler (Troll Shapeshifter)        Turns: 18425, Time: 00:58:04

Health: -17/159    AC:  6    Str: 32    XL:     16   Next: 0%
Magic:  15/15      EV:  9    Int: 12    God:    Trog [*****.]
Gold:   2030       SH:  0    Dex:  9    Spells: 15/15 levels left

rFire   . .          .
                       - Unarmed
rCold   . . .        T - melded +0 kite shield
rNeg    . . .        y - +1 swamp dragon scales
rPois   +            (helmet restricted)
rElec   .            (no cloak)
rCorr   .            (gloves unavailable)
SInv    .            (boots unavailable)
Will    ++...        r - amulet of regeneration Stlth
                     L - +6 ring of intelligence
HPRegen 2.06/turn    Q - ring of willpower
MPRegen 0.14/turn

%: no passive effects
@: about to teleport, blade hands
A: large, unfitting armour, (claws 3), regeneration 1, shaggy fur 1, tough skin
1
a: Begin Untransformation, Renounce Religion, Berserk, Trog's Hand, Brothers in
Arms


You were on level 14 of the Dungeon.
You worshipped Trog.
Trog was extremely pleased with you.
You had blades for hands.
You visited 4 branches of the dungeon, and saw 21 of its levels.
You also visited: Sewer, Ossuary and Bailey.

You collected 2030 gold pieces.

Inventory:

Missiles
 I - 9 atropa-tipped darts
 J - 54 poisoned darts
 M - 31 large rocks
 N - a curare-tipped dart
 R - a throwing net (quivered)
 Y - 5 datura-tipped darts
Armour
 f - a +2 hat of intelligence
 x - a +0 robe of resistance
 y - +1 swamp dragon scales (worn)
 T - a +0 kite shield (melded)
Jewellery
 a - a ring of positive energy
 r - an amulet of regeneration (around neck)
 L - a +6 ring of intelligence (left blade hand)
 Q - a ring of willpower (right blade hand)
Talismans
 c - a beast talisman
 d - a maw talisman
 g - a blade talisman (active)
 P - a flux talisman
Wands
 q - a wand of digging (2)
 v - a wand of polymorph (25)
 w - a wand of roots (8)
 z - a wand of paralysis (22)
 A - a wand of acid (30)
 H - a wand of mindburst (31)
 U - a wand of flame (18)
Scrolls
 h - a scroll of vulnerability
 i - 2 scrolls of revelation
 j - 11 scrolls of teleportation
 p - 4 scrolls of enchant weapon
 s - 2 scrolls of noise
 t - 3 scrolls of poison
 C - 6 scrolls of fog
 K - 4 scrolls of enchant armour
 O - a scroll of immolation {unknown}
 S - 2 scrolls of fear
 V - 2 scrolls of identify
 Z - a scroll of torment
Potions
 b - 2 potions of lignification
 e - 2 potions of berserk rage
 k - a potion of magic
 m - 2 potions of haste
 n - 6 potions of attraction
 o - 8 potions of heal wounds
 u - 8 potions of curing
 B - 4 potions of enlightenment
 D - 5 potions of brilliance
 E - 4 potions of resistance
 F - 3 potions of might
 G - 4 potions of mutation
 W - 4 potions of invisibility


   Skills:
 + Level 10.5 Fighting
 * Level 5.6 Throwing
 - Level 1.5 Dodging
 * Level 6.6 Shields
 + Level 18.4 Unarmed Combat
 + Level 14.2 Shapeshifting


You had 15 spell levels left.
You didn't know any spells.
Your spell library contained the following spells:

 Spells                   Type           Power      Damage    Failure   Level
 Frozen Ramparts          Ice            0%         1d1       80%         3
 Leda's Liquefaction      Alch/Erth      0%         N/A       99%         4
 Petrify                  Alch/Erth      0%         N/A       99%         4
 Metabolic Englaciation   Hex/Ice        0%         N/A       100%        5


Dungeon Overview and Level Annotations

Branches:
Dungeon (14/15)            Temple (1/1) D:4            Lair (4/5) D:10
  Swamp (0/4) Lair:2       Spider (0/4) Lair:3        Slime (0/5) Lair:4
    Orc (2/2) D:10            Elf (0/3) Orc:2        Vaults (0/5) D:14
  Sewer (visited)         Ossuary (visited)          Bailey (visited)

Altars:
Ashenzari
Cheibriados
Dithmenos
Elyvilon
Fedhas
Gozag
Hepliaklqana
Kikubaaqudgha
Makhleb
Nemelex Xobeh
Okawaru
Qazlal
Ru
Sif Muna
Trog
Uskayaw
Vehumet
Wu Jian
Xom
Yredelemnul
Zin
The Shining One

Shops:
D:3 [   D:7 [   D:11 (   Orc:2 *==*

Annotations:
Lair:2 exclusion: oklob plant
Lair:3 exclusion: downstairs
Orc:2 3 runed translucent doors, heinrich's ghost, journeyman TrMo


Innate Abilities, Weirdness & Mutations

You have blades for hands.
You are incapable of wielding weapons or throwing items.
You are too large for most types of armour.
((You have claws for hands.))
Your natural rate of healing is unusually fast.
You are covered in fur. (AC +1)
You have tough skin. (AC +1)


Message History

You slice the centaur warrior!!
You kill the centaur warrior!
Trog accepts your kill.
You have reached level 16!
Things that are here:
a +1 halberd of protection; a +0 shortbow You start resting.
A fire dragon is nearby!
You start resting.
HP restored.
The fire dragon roars deafeningly!
You hear a shout! x2
A centaur warrior comes into view. It is wielding a +0 hand axe.
The centaur warrior unwields a +0 hand axe.
The centaur warrior wields a +0 shortbow.
The centaur warrior shoots an arrow.
The arrow hits you!
You hear a shout!
You see here a wolf spider corpse.
The centaur warrior shoots an arrow.
The arrow hits you!! The fire dragon breathes flames at you.
The blast of flame hits you!!!
A boulder beetle comes into view.
You see here a hell hound corpse.
You shred the fire dragon!!! You slash the fire dragon!
The fire dragon is almost dead.
The centaur warrior shoots an arrow.
The arrow barely misses you. The fire dragon bites you!
* * * LOW HITPOINT WARNING * * *
The fire dragon closely misses you. The fire dragon tramples you.
* * * LOW HITPOINT WARNING * * *
You stumble backwards!
You enter a dispersal trap!
The fire dragon blinks!
The boulder beetle leaps!
The centaur warrior blinks!
The fire dragon blinks!
You blink.
As you read the scroll of teleportation, it crumbles to dust.
You feel strangely unstable.
The centaur warrior shoots an arrow.
The arrow hits you!!
* * * LOW HITPOINT WARNING * * *
The centaur warrior shoots an arrow.
The arrow hits you!
* * * LOW HITPOINT WARNING * * *
The fire dragon breathes flames at you. The blast of flame hits you!!!
You die...

####### ##......
#.....# #......
#)....#### ####......
#..#.....###.........
#^†#.....#...........
#.†####........#.....
#..)[.#..............
#.....####.....#.....
#..#@....#........##.
#..#.....####.....###
#..####..B..#......#
#..§ #..D..####...#
#... ####.....##..#
#c. ..○.) #... #..
##☼. #. ○


You could see a fire dragon (catching breath) and a boulder beetle.

Vanquished Creatures
  A frost giant (D:11)
  Nessos (D:13)
  Azrael (D:14)
  Snorg (D:10)
  2 vault guards (Bailey)
  2 hydras
  3 centaur warriors
  5 two-headed ogres
  6 boulder beetles
  6 death yaks
  Erica (Lair:2)
  2 tengu warriors (D:13)
  4 orc high priests
  8 skeletal warriors
  Amaemon (Lair:1)
  Pikel (D:5)
  2 bog bodies (Lair:2)
  A deep elf pyromancer (D:12)
  8 orc knights
  2 wolf spiders (D:14)
  A deep elf zephyrmancer (D:13)
  Maurice (D:7)
  3 ugly things
  3 orc sorcerers (Orc:2)
  5 manticores
  8 elephants
  An elephant (shapeshifter) (D:11)
  5 cyclopes
  Joseph (D:7)
  A kobold blastminer (Orc:2)
  3 black mambas
  2 gargoyles (D:12)
  Maggie (D:7)
  An orange demon (Lair:1)
  8 cane toads
  A torpor snail (Lair:1)
  3 rime drakes
  7 komodo dragons
  An efreet (D:12)
  A freezing wraith (D:11)
  A kobold demonologist (D:12)
  4 tengu conjurers
  5 trolls
  9 blink frogs
  Prince Ribbit (D:7)
  2 shadows
  3 slime creatures (D:12)
  3 wyverns
  3 wraiths
  45 yaks
  20 humans
  2 vampires (D:12)
  2 fire elementals (D:14)
  4 basilisks
  2 wargs (Orc:1)
  A vampire mosquito (D:12)
  2 steam dragons
  5 water moccasins
  5 acid dragons
  2 hell hounds (D:14)
  19 orc warriors
  4 black bears
  3 ice beasts
  21 wolves
  3 ogres
  20 centaurs
  4 lemures (D:5)
  7 kobold brigands
  A phantom (D:6)
  Blork the orc (D:4)
  3 gnoll sergeants
  17 bullfrogs
  4 necrophages
  4 scorpions
  8 wights
  7 killer bees
  3 howler monkeys
  5 crimson imps
  A bombardier beetle (D:5)
  6 bullfrog zombies (Ossuary)
  6 hounds
  16 orc priests
  3 gnoll boudas (D:7)
  5 jellies
  A sleepcap (D:6)
  18 orc wizards
  7 iguanas
  5 hell rats (Lair:3)
  A killer bee zombie (Ossuary)
  3 crocodile zombies (Ossuary)
  8 hound zombies (Ossuary)
  6 mummies
  3 howler monkey zombies (Ossuary)
  17 gnolls
  10 adders
  A white imp (D:5)
  5 dart slugs
  A ribbon worm (Sewer)
  70 orcs
  15 endoplasms
  8 giant cockroaches
  8 goblins
  9 hobgoblins
  2 quokkas
  6 ball pythons
  A ball python zombie (Ossuary)
  2 bats (D:1)
  7 frilled lizards
  41 kobolds
  9 rats
671 creatures vanquished.

Notes
Turn   | Place    | Note
-------+----------+-------------------------------------------
     0 | D:1      | nightchill the Troll Shapeshifter began the quest for the
                  | Orb.
     0 | D:1      | Reached XP level 1. HP: 18/18 MP: 0/0
     2 | D:1      | Noticed a human
     2 | D:1      | Noticed a merfolk
     4 | D:1      | Noticed a barachi
     4 | D:1      | Noticed a demonspawn
     6 | D:1      | Noticed a gargoyle
     8 | D:1      | Noticed a draconian
    10 | D:1      | Noticed a djinni
    10 | D:1      | Noticed a demigod
    12 | D:1      | Noticed a minotaur
    12 | D:1      | Noticed an elf
    14 | D:1      | Noticed a formicid
    16 | D:1      | Noticed a tengu
    16 | D:1      | Noticed a felid
    18 | D:1      | Noticed an octopode
    18 | D:1      | Noticed a naga
    20 | D:1      | Noticed a vampire
    20 | D:1      | Noticed an oni
    23 | D:1      | Noticed a spriggan
    23 | D:1      | Noticed a troll
    25 | D:1      | Noticed an armataur
    27 | D:1      | Noticed a ghoul
    27 | D:1      | Noticed a vine stalker
   154 | D:1      | Reached skill level 1 in Fighting
   289 | D:1      | Reached XP level 2. HP: 27/27 MP: 1/1
   714 | D:1      | Reached XP level 3. HP: 33/33 MP: 2/2
  1194 | D:2      | Reached XP level 4. HP: 39/41 MP: 3/3
  1197 | D:2      | Reached skill level 4 in Unarmed Combat
  1623 | D:3      | Found Suaji's Antique Armour Shop.
  2197 | D:3      | Found a hide-covered altar of Uskayaw.
  2202 | D:3      | Found a blossoming altar of Fedhas.
  2486 | D:4      | Reached XP level 5. HP: 47/49 MP: 4/4
  2500 | D:4      | Noticed Blork the orc
  2556 | D:4      | Killed Blork the orc
  2629 | D:4      | Found a shimmering altar of Xom.
  2634 | D:4      | Reached XP level 6. HP: 57/57 MP: 5/5
  2646 | D:4      | Reached skill level 5 in Unarmed Combat
  2781 | D:4      | Found a staircase to the Ecumenical Temple.
  2793 | Temple   | Entered the Ecumenical Temple
  2828 | Temple   | Became a worshipper of Trog the Wrathful
  2901 | D:4      | Reached skill level 5 in Shapeshifting
  3003 | D:4      | Noticed an ice beast
  3015 | D:4      | Killed an ice beast
  3016 | D:4      | Reached XP level 7. HP: 56/66 MP: 6/6
  3243 | D:5      | Entered Level 5 of the Dungeon
  3254 | D:5      | Found a glowing drain.
  3255 | D:5      | Noticed Pikel
  3308 | D:5      | Killed Pikel
  3309 | D:5      | Reached skill level 6 in Unarmed Combat
  3309 | D:5      | Reached XP level 8. HP: 65/75 MP: 7/7
  3348 | D:5      | Reached skill level 7 in Unarmed Combat
  3362 | Sewer    | Entered a sewer
  3403 | Sewer    | Reached * piety under Trog
  3492 | Sewer    | Found a viscous altar of Jiyva.
  3631 | D:5      | Found a glowing golden altar of the Shining One.
  3708 | D:5      | Found a shimmering blue altar of Sif Muna.
  4271 | D:6      | Reached ** piety under Trog
  4315 | D:6      | Reached skill level 8 in Unarmed Combat
  4357 | D:6      | Reached XP level 9. HP: 84/85 MP: 8/8
  4424 | D:6      | Reached skill level 5 in Fighting
  4424 | D:6      | Reached skill level 9 in Unarmed Combat
  4797 | D:7      | Noticed Maurice
  4810 | D:7      | Something stole 13 poisoned darts
  4820 | D:7      | Something stole a flux talisman
  4821 | D:7      | Something stole an amulet of faith
  4836 | D:7      | Something stole 294 gold
  4875 | D:7      | Noticed Joseph
  4938 | D:7      | Reached *** piety under Trog
  4953 | D:7      | Reached skill level 10 in Unarmed Combat
  4957 | D:7      | Found Waovyfee's Antique Armour Boutique.
  4982 | D:7      | Found a sand-covered staircase.
  4983 | D:7      | Noticed Maggie
  4986 | D:7      | Killed Maggie
  4994 | Ossuary  | Entered an ossuary
  5144 | Ossuary  | Reached XP level 10. HP: 98/98 MP: 9/9
  5296 | D:7      | Reached **** piety under Trog
  5308 | D:7      | Killed Joseph
  5412 | D:7      | Killed Maurice
  5413 | D:7      | Reached skill level 11 in Unarmed Combat
  5808 | D:7      | Noticed Prince Ribbit
  5816 | D:7      | Killed Prince Ribbit
  6340 | D:8      | Found a burning altar of Makhleb.
  6686 | D:8      | Found an iron altar of Okawaru.
  6794 | D:8      | Found an ancient bone altar of Kikubaaqudgha.
  7142 | D:9      | Reached skill level 12 in Unarmed Combat
  7175 | D:9      | Reached XP level 11. HP: 98/109 MP: 10/10
  7175 | D:9      | Reached ***** piety under Trog
  7490 | D:9      | Identified the +3 falchion "Jecvyw" {flame, +Blink Int+3
                  | Dex+3}
  7543 | D:9      | Noticed a two-headed ogre
  7549 | D:9      | Killed a two-headed ogre
  7706 | D:10     | Entered Level 10 of the Dungeon
  7729 | D:10     | Found a staircase to the Lair.
  7741 | D:10     | Found a broken altar of Ashenzari.
  7742 | D:10     | Found a snail-covered altar of Cheibriados.
  7742 | D:10     | Found an opulent altar of Gozag.
  7742 | D:10     | Found a basalt altar of Yredelemnul.
  7743 | D:10     | Found a stormy altar of Qazlal.
  7744 | D:10     | Found a white marble altar of Elyvilon.
  7744 | D:10     | Found a shadowy altar of Dithmenos.
  7786 | D:10     | Found a staircase to the Orcish Mines.
  7920 | D:10     | Reached skill level 10 in Shapeshifting
  7923 | D:10     | Noticed Snorg
  7932 | D:10     | Killed Snorg
  8058 | D:10     | Found a flagged portal.
  8072 | Bailey   | Entered a bailey
  8252 | Bailey   | Noticed a vault guard
  8280 | Bailey   | Killed a vault guard
  8373 | Bailey   | Noticed a vault guard
  8379 | Bailey   | Killed a vault guard
  8380 | Bailey   | Reached skill level 13 in Unarmed Combat
  8498 | Lair:1   | Entered Level 1 of the Lair of Beasts
  8517 | Lair:1   | Reached skill level 15 in Unarmed Combat
  8517 | Lair:1   | Reached XP level 12. HP: 119/119 MP: 11/11
  8518 | Lair:1   | Reached skill level 16 in Unarmed Combat
  8518 | Lair:1   | Reached XP level 13. HP: 127/127 MP: 12/12
  8610 | Lair:1   | Identified the +1 morningstar of the Scorching Shrike
                  | {speed, Int+5 Stlth+}
  8791 | Lair:1   | Noticed Amaemon
  8804 | Lair:1   | Killed Amaemon
  8835 | Lair:1   | Reached XP level 14. HP: 76/136 MP: 13/13
  8881 | Lair:1   | Reached skill level 17 in Unarmed Combat
  9689 | Lair:2   | Noticed Erica
  9719 | Lair:2   | Killed Erica
 10013 | Lair:2   | Received a gift from Trog
 10106 | Lair:2   | Identified the +5 scale mail of Least Resistance {rPois
                  | Str-2 Int+5}
 10175 | Lair:2   | Found a staircase to the Swamp.
 11031 | Lair:3   | Found a hole to the Spider Nest.
 11635 | Lair:4   | Reached skill level 1 in Shields
 12122 | Lair:4   | Found a staircase to the Slime Pits.
 12380 | Orc:1    | Entered Level 1 of the Orcish Mines
 12960 | Orc:2    | Entered Level 2 of the Orcish Mines
 12994 | Orc:2    | Found a staircase to the Elven Halls.
 13037 | Orc:2    | Noticed heinrich's ghost (journeyman TrMo)
 13038 | Orc:2    | Found a runed translucent gate.
 13039 | Orc:2    | Found a runed translucent gate.
 13040 | Orc:2    | Found a runed translucent gate.
 13178 | Orc:2    | Received a gift from Trog
 13704 | Orc:2    | Reached XP level 15. HP: 109/149 MP: 14/14
 14120 | Orc:2    | Found Uduploj's Assorted Antiques.
 14120 | Orc:2    | Found Jupp's Jewellery Shop.
 14169 | Orc:2    | Found Coocemm's Jewellery Shoppe.
 14169 | Orc:2    | Found Dacomm's Assorted Antiques.
 14409 | D:10     | You fall into a shaft and drop 3 floors!
 14548 | D:12     | Reached skill level 18 in Unarmed Combat
 14605 | D:12     | Reached skill level 1 in Throwing
 14842 | D:12     | Reached skill level 10 in Fighting
 15637 | D:11     | Reached skill level 5 in Shields
 15907 | D:11     | Found Igyerheo's Weapon Shop.
 16087 | D:11     | Noticed a frost giant
 16111 | D:11     | Killed a frost giant
 17592 | D:14     | Noticed Nessos
 17592 | D:14     | Found a gate to the Vaults.
 17664 | D:13     | Killed Nessos
 17686 | D:13     | Reached skill level 5 in Throwing
 18327 | D:14     | Noticed Azrael
 18354 | D:14     | Killed Azrael
 18408 | D:14     | Reached XP level 16. HP: 138/159 MP: 15/15
 18425 | D:14     | Killed from afar by a fire dragon

Illustrated notes

Levels and vault maps discovered:
D:1:      kb_arrival_jail, layout_loops_ring
D:2:      layout_loops_cross
D:3:      layout_basic, nicolae_overflow_hidden_temple, serial_corexii_hall,
          corexii_hall_statues_s, corexii_hall_statues_x, serial_shops,
          nicolae_shop_tiny_glass, supply_closet_lemuel, minmay_misc_feat_rows
D:4:      layout_loops_ring, led_xom_imps, minmay_temple_entry_grid,
          st_stairs_14, uniq_blork_the_orc
D:5:      layout_basic, lemuel_blue_sif_altar, tso_metal_star,
          gup_sewer_entry_glass, uniq_pikel
D:6:      layout_basic, minmay_checkerbox
D:7:      layout_cave_pools, gup_ossuary_entry_pyramid, serial_gnoll_camp,
          gnoll_camp_mini_hut, gnoll_camp_mini_loothouse, gnoll_camp_mini_shop,
          gnoll_camp_medium_01, gnoll_camp_mini_house, uniq_prince_ribbit1,
          uniq_joseph, uniq_maggie, uniq_maurice
D:8:      layout_gridville, kiku_gazebo_garden_becter, kennysheep_little_box,
          mainiacjoe_overflow_alcove_2, minmay_misc_feat_columns
D:9:      layout_roguey, grunt_ministairs_13
D:10:     layout_roguey, grunt_temple_overflow_open, lair_entry_dummy,
          erik_orc_4, enter_bailey_2, uniq_snorg
D:11:     minmay_mutant_horseshoe, layout_cave_pools, serial_shops,
          nicolae_shop_hallway_plus
D:12:     layout_basic, hangedman_decor_points, onia_ninara_cookie
D:13:     layout_basic, hangedman_stone_soup
D:14:     minmay_stepped, layout_rooms, david_vaults_3,
          minmay_misc_feat_pillars, billiards_dpeg, uniq_azrael
Temple:   hellmonk_temple_beads
Lair:1:   layout_misc_corridors, lemuel_fruit_tree, uniq_amaemon
Lair:2:   layout_cave_pods, skrybe_swamp_entry_bodies, serial_bayou_ford_a,
          minmay_lair_oklob_bushes, uniq_erica
Lair:3:   layout_regular_city, dummy_spider_entry, serial_bayou_crossing
Lair:4:   layout_cave_shapes, nicolae_slime_entry_field_trip,
          roderic_carrion_pond
Orc:1:    nicolae_orc_accident_1, layout_diamond_mine, basic_altar
Orc:2:    grunt_orc_tribal_feast, layout_caves, gammafunk_ghost_split

Skill      XL: |  1  2  3  4  5  6  7  8  9 10 11 12 13 14 15 |
---------------+----------------------------------------------+-----
Fighting       | 1 2 3 4 6 7 8 9 10 | 10.5
Unarmed Combat | 4 5 6 8 10 12 15 16 17 18 | 18.4
Shapeshifting  | 4 5 6 7 9 10 11 13 14 | 14.2
Shields        | 3 6 |  6.6
Throwing       | 5 |  5.6
Dodging        | |  1.5

Action                     |  1- 3 |  4- 6 |  7- 9 | 10-12 | 13-15 | 16-18 || total
---------------------------+-------+-------+-------+-------+-------+-------++-------
  Melee: Unarmed           |    53 |   124 |   328 |   324 |  1073 |     1 ||  1903
         Punch             |     4 |     2 |    14 |    15 |     8 |     1 ||    44
  Throw: Large rock        |       |       |       |       |     2 |       ||     2
         Throwing net      |       |       |       |       |     1 |       ||     1
 Invoke: Berserk           |       |       |     1 |     8 |    21 |       ||    30
         Trog's Hand       |       |       |       |       |     9 |       ||     9
         Brothers in Arms  |       |       |       |       |     4 |       ||     4
  Evoke: Wand              |       |       |       |       |     2 |       ||     2
    Use: Scroll            |       |       |     6 |     8 |    17 |     1 ||    32
         Potion            |       |       |     4 |     2 |     1 |       ||     7
 Armour: Animal skin       |    21 |    40 |       |       |       |       ||    61
         Robe              |       |    12 |       |       |       |       ||    12
         Swamp dragon scal |       |     7 |   202 |   286 |  1016 |     8 ||  1519
         Skin              |       |       |     7 |       |       |       ||     7
  Dodge: Dodged            |    24 |    35 |   118 |   117 |   351 |     2 ||   647
  Block: Kite shield       |       |       |       |     2 |   338 |       ||   340
   Form: Blade             |       |       |     1 |     2 |     1 |       ||     4
         Beast             |       |       |     1 |     1 |       |       ||     2
                           |       |       |       |     1 |       |       ||     1
